Workbook

Sheet Resumo
A1: Resumo dos descontos concedidos
A2: Data inicial | B2: ='Parâmetros'!B6 | C2: Data final | D2: ='Parâmetros'!B7 | E2: Status analisado | F2: ='Parâmetros'!B8
A3: Descontos considerados | C3: Registros considerados | E3: Valor bruto associado | G3: Receita líquida
A4: =SUMIFS(Descontos!$K$4:$K$103,Descontos!$B$4:$B$103,">="&'Parâmetros'!$B$6,Descontos!$B$4:$B$103,"<="&'Parâmetros'!$B$7,Descontos!$R$4:$R$103,'Parâmetros'!$B$8) | C4: =COUNTIFS(Descontos!$B$4:$B$103,">="&'Parâmetros'!$B$6,Descontos!$B$4:$B$103,"<="&'Parâmetros'!$B$7,Descontos!$R$4:$R$103,'Parâmetros'!$B$8) | E4: =SUMIFS(Descontos!$J$4:$J$103,Descontos!$B$4:$B$103,">="&'Parâmetros'!$B$6,Descontos!$B$4:$B$103,"<="&'Parâmetros'!$B$7,Descontos!$R$4:$R$103,'Parâmetros'!$B$8) | G4: =SUMIFS(Descontos!$L$4:$L$103,Descontos!$B$4:$B$103,">="&'Parâmetros'!$B$6,Descontos!$B$4:$B$103,"<="&'Parâmetros'!$B$7,Descontos!$R$4:$R$103,'Parâmetros'!$B$8)
A6: Margem sem desconto | C6: Margem após desconto | E6: Impacto na margem | G6: Desconto sobre o bruto
A7: =SUMIFS(Descontos!$N$4:$N$103,Descontos!$B$4:$B$103,">="&'Parâmetros'!$B$6,Descontos!$B$4:$B$103,"<="&'Parâmetros'!$B$7,Descontos!$R$4:$R$103,'Parâmetros'!$B$8) | C7: =SUMIFS(Descontos!$O$4:$O$103,Descontos!$B$4:$B$103,">="&'Parâmetros'!$B$6,Descontos!$B$4:$B$103,"<="&'Parâmetros'!$B$7,Descontos!$R$4:$R$103,'Parâmetros'!$B$8) | E7: =A7-C7 | G7: =IFERROR(A4/E4,0)
A9: Alertas de conferência | C9: Registros em conferência | E9: Desconto médio | G9: Redução média da margem
A10: =COUNTIFS(Descontos!$B$4:$B$103,">="&'Parâmetros'!$B$6,Descontos!$B$4:$B$103,"<="&'Parâmetros'!$B$7,Descontos!$S$4:$S$103,"Conferir*") | C10: =COUNTIFS(Descontos!$B$4:$B$103,">="&'Parâmetros'!$B$6,Descontos!$B$4:$B$103,"<="&'Parâmetros'!$B$7,Descontos!$R$4:$R$103,"Em conferência") | E10: =IFERROR(A4/C4,0) | G10: =IFERROR((A7-C7)/A7,0)
A13: Motivo | B13: Descontos | D13: Profissional | E13: Descontos | G13: Serviço | H13: Descontos
A14: =IF('Parâmetros'!K4="","",'Parâmetros'!K4) | B14: =IF($A14="","",SUMIFS(Descontos!$K$4:$K$103,Descontos!$F$4:$F$103,$A14,Descontos!$B$4:$B$103,">="&'Parâmetros'!$B$6,Descontos!$B$4:$B$103,"<="&'Parâmetros'!$B$7,Descontos!$R$4:$R$103,'Parâmetros'!$B$8)) | D14: =IF('Parâmetros'!D4="","",'Parâmetros'!D4) | E14: =IF($D14="","",SUMIFS(Descontos!$K$4:$K$103,Descontos!$D$4:$D$103,$D14,Descontos!$B$4:$B$103,">="&'Parâmetros'!$B$6,Descontos!$B$4:$B$103,"<="&'Parâmetros'!$B$7,Descontos!$R$4:$R$103,'Parâmetros'!$B$8)) | G14: =IF('Parâmetros'!G4="","",'Parâmetros'!G4) | H14: =IF($G14="","",SUMIFS(Descontos!$K$4:$K$103,Descontos!$E$4:$E$103,$G14,Descontos!$B$4:$B$103,">="&'Parâmetros'!$B$6,Descontos!$B$4:$B$103,"<="&'Parâmetros'!$B$7,Descontos!$R$4:$R$103,'Parâmetros'!$B$8))
A15: =IF('Parâmetros'!K5="","",'Parâmetros'!K5) | B15: =IF($A15="","",SUMIFS(Descontos!$K$4:$K$103,Descontos!$F$4:$F$103,$A15,Descontos!$B$4:$B$103,">="&'Parâmetros'!$B$6,Descontos!$B$4:$B$103,"<="&'Parâmetros'!$B$7,Descontos!$R$4:$R$103,'Parâmetros'!$B$8)) | D15: =IF('Parâmetros'!D5="","",'Parâmetros'!D5) | E15: =IF($D15="","",SUMIFS(Descontos!$K$4:$K$103,Descontos!$D$4:$D$103,$D15,Descontos!$B$4:$B$103,">="&'Parâmetros'!$B$6,Descontos!$B$4:$B$103,"<="&'Parâmetros'!$B$7,Descontos!$R$4:$R$103,'Parâmetros'!$B$8)) | G15: =IF('Parâmetros'!G5="","",'Parâmetros'!G5) | H15: =IF($G15="","",SUMIFS(Descontos!$K$4:$K$103,Descontos!$E$4:$E$103,$G15,Descontos!$B$4:$B$103,">="&'Parâmetros'!$B$6,Descontos!$B$4:$B$103,"<="&'Parâmetros'!$B$7,Descontos!$R$4:$R$103,'Parâmetros'!$B$8))
A16: =IF('Parâmetros'!K6="","",'Parâmetros'!K6) | B16: =IF($A16="","",SUMIFS(Descontos!$K$4:$K$103,Descontos!$F$4:$F$103,$A16,Descontos!$B$4:$B$103,">="&'Parâmetros'!$B$6,Descontos!$B$4:$B$103,"<="&'Parâmetros'!$B$7,Descontos!$R$4:$R$103,'Parâmetros'!$B$8)) | D16: =IF('Parâmetros'!D6="","",'Parâmetros'!D6) | E16: =IF($D16="","",SUMIFS(Descontos!$K$4:$K$103,Descontos!$D$4:$D$103,$D16,Descontos!$B$4:$B$103,">="&'Parâmetros'!$B$6,Descontos!$B$4:$B$103,"<="&'Parâmetros'!$B$7,Descontos!$R$4:$R$103,'Parâmetros'!$B$8)) | G16: =IF('Parâmetros'!G6="","",'Parâmetros'!G6) | H16: =IF($G16="","",SUMIFS(Descontos!$K$4:$K$103,Descontos!$E$4:$E$103,$G16,Descontos!$B$4:$B$103,">="&'Parâmetros'!$B$6,Descontos!$B$4:$B$103,"<="&'Parâmetros'!$B$7,Descontos!$R$4:$R$103,'Parâmetros'!$B$8))
A17: =IF('Parâmetros'!K7="","",'Parâmetros'!K7) | B17: =IF($A17="","",SUMIFS(Descontos!$K$4:$K$103,Descontos!$F$4:$F$103,$A17,Descontos!$B$4:$B$103,">="&'Parâmetros'!$B$6,Descontos!$B$4:$B$103,"<="&'Parâmetros'!$B$7,Descontos!$R$4:$R$103,'Parâmetros'!$B$8)) | D17: =IF('Parâmetros'!D7="","",'Parâmetros'!D7) | E17: =IF($D17="","",SUMIFS(Descontos!$K$4:$K$103,Descontos!$D$4:$D$103,$D17,Descontos!$B$4:$B$103,">="&'Parâmetros'!$B$6,Descontos!$B$4:$B$103,"<="&'Parâmetros'!$B$7,Descontos!$R$4:$R$103,'Parâmetros'!$B$8)) | G17: =IF('Parâmetros'!G7="","",'Parâmetros'!G7) | H17: =IF($G17="","",SUMIFS(Descontos!$K$4:$K$103,Descontos!$E$4:$E$103,$G17,Descontos!$B$4:$B$103,">="&'Parâmetros'!$B$6,Descontos!$B$4:$B$103,"<="&'Parâmetros'!$B$7,Descontos!$R$4:$R$103,'Parâmetros'!$B$8))
A18: =IF('Parâmetros'!K8="","",'Parâmetros'!K8) | B18: =IF($A18="","",SUMIFS(Descontos!$K$4:$K$103,Descontos!$F$4:$F$103,$A18,Descontos!$B$4:$B$103,">="&'Parâmetros'!$B$6,Descontos!$B$4:$B$103,"<="&'Parâmetros'!$B$7,Descontos!$R$4:$R$103,'Parâmetros'!$B$8)) | G18: =IF('Parâmetros'!G8="","",'Parâmetros'!G8) | H18: =IF($G18="","",SUMIFS(Descontos!$K$4:$K$103,Descontos!$E$4:$E$103,$G18,Descontos!$B$4:$B$103,">="&'Parâmetros'!$B$6,Descontos!$B$4:$B$103,"<="&'Parâmetros'!$B$7,Descontos!$R$4:$R$103,'Parâmetros'!$B$8))
A19: =IF('Parâmetros'!K9="","",'Parâmetros'!K9) | B19: =IF($A19="","",SUMIFS(Descontos!$K$4:$K$103,Descontos!$F$4:$F$103,$A19,Descontos!$B$4:$B$103,">="&'Parâmetros'!$B$6,Descontos!$B$4:$B$103,"<="&'Parâmetros'!$B$7,Descontos!$R$4:$R$103,'Parâmetros'!$B$8)) | G19: =IF('Parâmetros'!G9="","",'Parâmetros'!G9) | H19: =IF($G19="","",SUMIFS(Descontos!$K$4:$K$103,Descontos!$E$4:$E$103,$G19,Descontos!$B$4:$B$103,">="&'Parâmetros'!$B$6,Descontos!$B$4:$B$103,"<="&'Parâmetros'!$B$7,Descontos!$R$4:$R$103,'Parâmetros'!$B$8))

Sheet Descontos
A1: Controle de descontos concedidos no salão
A2: Registre somente o desconto e sua referência de venda. Entradas e profissionais de exemplo são fictícios.
A3: ID do desconto | B3: Data | C3: Referência da venda | D3: Profissional | E3: Serviço | F3: Motivo | G3: Quantidade | H3: Valor tabela unitário | I3: Custo estimado unitário | J3: Valor bruto | K3: Desconto concedido | L3: Valor líquido | M3: Custo estimado total | N3: Margem sem desconto | O3: Margem após desconto | P3: % de desconto | Q3: Redução da margem | R3: Status | S3: Conferência | Y3: ='Parâmetros'!$B$4
A4: DSC-FIC-001 | B4: 46273 | C4: VEN-FIC-1001 | D4: Profissional Aurora | E4: Corte Essencial | F4: Fidelidade | G4: 1 | H4: =IF($A4="","",IF($E4="","",IFERROR(VLOOKUP($E4,'Parâmetros'!$G$4:$I$13,2,FALSE),""))) | I4: =IF($A4="","",IF($E4="","",IFERROR(VLOOKUP($E4,'Parâmetros'!$G$4:$I$13,3,FALSE),""))) | J4: =IF(OR($A4="",$G4="",$H4=""),"",$G4*$H4) | K4: 10 | L4: =IF(OR($A4="",$J4="",$K4=""),"",$J4-$K4) | M4: =IF(OR($A4="",$G4="",$I4=""),"",$G4*$I4) | N4: =IF(OR($A4="",$J4="",$M4=""),"",$J4-$M4) | O4: =IF(OR($A4="",$L4="",$M4=""),"",$L4-$M4) | P4: =IF($A4="","",IFERROR($K4/$J4,"")) | Q4: =IF($A4="","",IFERROR($K4/$N4,"")) | R4: Concedido | S4: =IF($A4="","",IF(OR($B4="",$C4="",$D4="",$E4="",$F4="",$G4="",$H4="",$I4="",$K4="",$R4=""),"Conferir: preencher campos",IF(COUNTIF($A$4:$A$103,$A4)>1,"Conferir: ID repetido",IF(COUNTIF($C$4:$C$103,$C4)>1,"Conferir: referência repetida",IF($R4="Cancelado","Sem ação: cancelado",IF($R4="Em conferência","Conferir: status pendente",IF(OR($K4>$J4,$P4>'Parâmetros'!$B$4,$K4>'Parâmetros'!$B$5),"Conferir: limite ou valor","OK"))))))) | U4: =IF('Parâmetros'!D4="","",'Parâmetros'!D4) | V4: =IF('Parâmetros'!G4="","",'Parâmetros'!G4) | W4: =IF('Parâmetros'!K4="","",'Parâmetros'!K4) | X4: =IF('Parâmetros'!M4="","",'Parâmetros'!M4)
A5: DSC-FIC-002 | B5: 46272 | C5: VEN-FIC-1002 | D5: Profissional Brisa | E5: Escova Brisa | F5: Campanha interna | G5: 1 | H5: =IF($A5="","",IF($E5="","",IFERROR(VLOOKUP($E5,'Parâmetros'!$G$4:$I$13,2,FALSE),""))) | I5: =IF($A5="","",IF($E5="","",IFERROR(VLOOKUP($E5,'Parâmetros'!$G$4:$I$13,3,FALSE),""))) | J5: =IF(OR($A5="",$G5="",$H5=""),"",$G5*$H5) | K5: 15 | L5: =IF(OR($A5="",$J5="",$K5=""),"",$J5-$K5) | M5: =IF(OR($A5="",$G5="",$I5=""),"",$G5*$I5) | N5: =IF(OR($A5="",$J5="",$M5=""),"",$J5-$M5) | O5: =IF(OR($A5="",$L5="",$M5=""),"",$L5-$M5) | P5: =IF($A5="","",IFERROR($K5/$J5,"")) | Q5: =IF($A5="","",IFERROR($K5/$N5,"")) | R5: Concedido | S5: =IF($A5="","",IF(OR($B5="",$C5="",$D5="",$E5="",$F5="",$G5="",$H5="",$I5="",$K5="",$R5=""),"Conferir: preencher campos",IF(COUNTIF($A$4:$A$103,$A5)>1,"Conferir: ID repetido",IF(COUNTIF($C$4:$C$103,$C5)>1,"Conferir: referência repetida",IF($R5="Cancelado","Sem ação: cancelado",IF($R5="Em conferência","Conferir: status pendente",IF(OR($K5>$J5,$P5>'Parâmetros'!$B$4,$K5>'Parâmetros'!$B$5),"Conferir: limite ou valor","OK"))))))) | U5: =IF('Parâmetros'!D5="","",'Parâmetros'!D5) | V5: =IF('Parâmetros'!G5="","",'Parâmetros'!G5) | W5: =IF('Parâmetros'!K5="","",'Parâmetros'!K5) | X5: =IF('Parâmetros'!M5="","",'Parâmetros'!M5)
A6: DSC-FIC-003 | B6: 46270 | C6: VEN-FIC-1003 | D6: Profissional Canela | E6: Manicure Clássica | F6: Pacote de serviços | G6: 1 | H6: =IF($A6="","",IF($E6="","",IFERROR(VLOOKUP($E6,'Parâmetros'!$G$4:$I$13,2,FALSE),""))) | I6: =IF($A6="","",IF($E6="","",IFERROR(VLOOKUP($E6,'Parâmetros'!$G$4:$I$13,3,FALSE),""))) | J6: =IF(OR($A6="",$G6="",$H6=""),"",$G6*$H6) | K6: 5 | L6: =IF(OR($A6="",$J6="",$K6=""),"",$J6-$K6) | M6: =IF(OR($A6="",$G6="",$I6=""),"",$G6*$I6) | N6: =IF(OR($A6="",$J6="",$M6=""),"",$J6-$M6) | O6: =IF(OR($A6="",$L6="",$M6=""),"",$L6-$M6) | P6: =IF($A6="","",IFERROR($K6/$J6,"")) | Q6: =IF($A6="","",IFERROR($K6/$N6,"")) | R6: Concedido | S6: =IF($A6="","",IF(OR($B6="",$C6="",$D6="",$E6="",$F6="",$G6="",$H6="",$I6="",$K6="",$R6=""),"Conferir: preencher campos",IF(COUNTIF($A$4:$A$103,$A6)>1,"Conferir: ID repetido",IF(COUNTIF($C$4:$C$103,$C6)>1,"Conferir: referência repetida",IF($R6="Cancelado","Sem ação: cancelado",IF($R6="Em conferência","Conferir: status pendente",IF(OR($K6>$J6,$P6>'Parâmetros'!$B$4,$K6>'Parâmetros'!$B$5),"Conferir: limite ou valor","OK"))))))) | U6: =IF('Parâmetros'!D6="","",'Parâmetros'!D6) | V6: =IF('Parâmetros'!G6="","",'Parâmetros'!G6) | W6: =IF('Parâmetros'!K6="","",'Parâmetros'!K6) | X6: =IF('Parâmetros'!M6="","",'Parâmetros'!M6)
A7: DSC-FIC-004 | B7: 46268 | C7: VEN-FIC-1004 | D7: Profissional Dália | E7: Pedicure Serena | F7: Ajuste comercial | G7: 1 | H7: =IF($A7="","",IF($E7="","",IFERROR(VLOOKUP($E7,'Parâmetros'!$G$4:$I$13,2,FALSE),""))) | I7: =IF($A7="","",IF($E7="","",IFERROR(VLOOKUP($E7,'Parâmetros'!$G$4:$I$13,3,FALSE),""))) | J7: =IF(OR($A7="",$G7="",$H7=""),"",$G7*$H7) | K7: 12 | L7: =IF(OR($A7="",$J7="",$K7=""),"",$J7-$K7) | M7: =IF(OR($A7="",$G7="",$I7=""),"",$G7*$I7) | N7: =IF(OR($A7="",$J7="",$M7=""),"",$J7-$M7) | O7: =IF(OR($A7="",$L7="",$M7=""),"",$L7-$M7) | P7: =IF($A7="","",IFERROR($K7/$J7,"")) | Q7: =IF($A7="","",IFERROR($K7/$N7,"")) | R7: Concedido | S7: =IF($A7="","",IF(OR($B7="",$C7="",$D7="",$E7="",$F7="",$G7="",$H7="",$I7="",$K7="",$R7=""),"Conferir: preencher campos",IF(COUNTIF($A$4:$A$103,$A7)>1,"Conferir: ID repetido",IF(COUNTIF($C$4:$C$103,$C7)>1,"Conferir: referência repetida",IF($R7="Cancelado","Sem ação: cancelado",IF($R7="Em conferência","Conferir: status pendente",IF(OR($K7>$J7,$P7>'Parâmetros'!$B$4,$K7>'Parâmetros'!$B$5),"Conferir: limite ou valor","OK"))))))) | U7: =IF('Parâmetros'!D7="","",'Parâmetros'!D7) | V7: =IF('Parâmetros'!G7="","",'Parâmetros'!G7) | W7: =IF('Parâmetros'!K7="","",'Parâmetros'!K7) | X7: =IF('Parâmetros'!M7="","",'Parâmetros'!M7)
A8: DSC-FIC-005 | B8: 46266 | C8: VEN-FIC-1005 | D8: Profissional Aurora | E8: Coloração Aurora | F8: Cortesia autorizada | G8: 1 | H8: =IF($A8="","",IF($E8="","",IFERROR(VLOOKUP($E8,'Parâmetros'!$G$4:$I$13,2,FALSE),""))) | I8: =IF($A8="","",IF($E8="","",IFERROR(VLOOKUP($E8,'Parâmetros'!$G$4:$I$13,3,FALSE),""))) | J8: =IF(OR($A8="",$G8="",$H8=""),"",$G8*$H8) | K8: 50 | L8: =IF(OR($A8="",$J8="",$K8=""),"",$J8-$K8) | M8: =IF(OR($A8="",$G8="",$I8=""),"",$G8*$I8) | N8: =IF(OR($A8="",$J8="",$M8=""),"",$J8-$M8) | O8: =IF(OR($A8="",$L8="",$M8=""),"",$L8-$M8) | P8: =IF($A8="","",IFERROR($K8/$J8,"")) | Q8: =IF($A8="","",IFERROR($K8/$N8,"")) | R8: Concedido | S8: =IF($A8="","",IF(OR($B8="",$C8="",$D8="",$E8="",$F8="",$G8="",$H8="",$I8="",$K8="",$R8=""),"Conferir: preencher campos",IF(COUNTIF($A$4:$A$103,$A8)>1,"Conferir: ID repetido",IF(COUNTIF($C$4:$C$103,$C8)>1,"Conferir: referência repetida",IF($R8="Cancelado","Sem ação: cancelado",IF($R8="Em conferência","Conferir: status pendente",IF(OR($K8>$J8,$P8>'Parâmetros'!$B$4,$K8>'Parâmetros'!$B$5),"Conferir: limite ou valor","OK"))))))) | U8: =IF('Parâmetros'!D8="","",'Parâmetros'!D8) | V8: =IF('Parâmetros'!G8="","",'Parâmetros'!G8) | W8: =IF('Parâmetros'!K8="","",'Parâmetros'!K8) | X8: =IF('Parâmetros'!M8="","",'Parâmetros'!M8)
A9: DSC-FIC-006 | B9: 46263 | C9: VEN-FIC-1006 | D9: Profissional Brisa | E9: Design de Sobrancelhas | F9: Fidelidade | G9: 1 | H9: =IF($A9="","",IF($E9="","",IFERROR(VLOOKUP($E9,'Parâmetros'!$G$4:$I$13,2,FALSE),""))) | I9: =IF($A9="","",IF($E9="","",IFERROR(VLOOKUP($E9,'Parâmetros'!$G$4:$I$13,3,FALSE),""))) | J9: =IF(OR($A9="",$G9="",$H9=""),"",$G9*$H9) | K9: 8 | L9: =IF(OR($A9="",$J9="",$K9=""),"",$J9-$K9) | M9: =IF(OR($A9="",$G9="",$I9=""),"",$G9*$I9) | N9: =IF(OR($A9="",$J9="",$M9=""),"",$J9-$M9) | O9: =IF(OR($A9="",$L9="",$M9=""),"",$L9-$M9) | P9: =IF($A9="","",IFERROR($K9/$J9,"")) | Q9: =IF($A9="","",IFERROR($K9/$N9,"")) | R9: Concedido | S9: =IF($A9="","",IF(OR($B9="",$C9="",$D9="",$E9="",$F9="",$G9="",$H9="",$I9="",$K9="",$R9=""),"Conferir: preencher campos",IF(COUNTIF($A$4:$A$103,$A9)>1,"Conferir: ID repetido",IF(COUNTIF($C$4:$C$103,$C9)>1,"Conferir: referência repetida",IF($R9="Cancelado","Sem ação: cancelado",IF($R9="Em conferência","Conferir: status pendente",IF(OR($K9>$J9,$P9>'Parâmetros'!$B$4,$K9>'Parâmetros'!$B$5),"Conferir: limite ou valor","OK"))))))) | U9: =IF('Parâmetros'!D9="","",'Parâmetros'!D9) | V9: =IF('Parâmetros'!G9="","",'Parâmetros'!G9) | W9: =IF('Parâmetros'!K9="","",'Parâmetros'!K9) | X9: =IF('Parâmetros'!M9="","",'Parâmetros'!M9)
A10: DSC-FIC-007 | B10: 46260 | C10: VEN-FIC-1007 | D10: Profissional Canela | E10: Corte Essencial | F10: Pacote de serviços | G10: 2 | H10: =IF($A10="","",IF($E10="","",IFERROR(VLOOKUP($E10,'Parâmetros'!$G$4:$I$13,2,FALSE),""))) | I10: =IF($A10="","",IF($E10="","",IFERROR(VLOOKUP($E10,'Parâmetros'!$G$4:$I$13,3,FALSE),""))) | J10: =IF(OR($A10="",$G10="",$H10=""),"",$G10*$H10) | K10: 20 | L10: =IF(OR($A10="",$J10="",$K10=""),"",$J10-$K10) | M10: =IF(OR($A10="",$G10="",$I10=""),"",$G10*$I10) | N10: =IF(OR($A10="",$J10="",$M10=""),"",$J10-$M10) | O10: =IF(OR($A10="",$L10="",$M10=""),"",$L10-$M10) | P10: =IF($A10="","",IFERROR($K10/$J10,"")) | Q10: =IF($A10="","",IFERROR($K10/$N10,"")) | R10: Concedido | S10: =IF($A10="","",IF(OR($B10="",$C10="",$D10="",$E10="",$F10="",$G10="",$H10="",$I10="",$K10="",$R10=""),"Conferir: preencher campos",IF(COUNTIF($A$4:$A$103,$A10)>1,"Conferir: ID repetido",IF(COUNTIF($C$4:$C$103,$C10)>1,"Conferir: referência repetida",IF($R10="Cancelado","Sem ação: cancelado",IF($R10="Em conferência","Conferir: status pendente",IF(OR($K10>$J10,$P10>'Parâmetros'!$B$4,$K10>'Parâmetros'!$B$5),"Conferir: limite ou valor","OK"))))))) | U10: =IF('Parâmetros'!D10="","",'Parâmetros'!D10) | V10: =IF('Parâmetros'!G10="","",'Parâmetros'!G10) | W10: =IF('Parâmetros'!K10="","",'Parâmetros'!K10) | X10: =IF('Parâmetros'!M10="","",'Parâmetros'!M10)
A11: DSC-FIC-008 | B11: 46257 | C11: VEN-FIC-1008 | D11: Profissional Dália | E11: Escova Brisa | F11: Ajuste comercial | G11: 1 | H11: =IF($A11="","",IF($E11="","",IFERROR(VLOOKUP($E11,'Parâmetros'!$G$4:$I$13,2,FALSE),""))) | I11: =IF($A11="","",IF($E11="","",IFERROR(VLOOKUP($E11,'Parâmetros'!$G$4:$I$13,3,FALSE),""))) | J11: =IF(OR($A11="",$G11="",$H11=""),"",$G11*$H11) | K11: 20 | L11: =IF(OR($A11="",$J11="",$K11=""),"",$J11-$K11) | M11: =IF(OR($A11="",$G11="",$I11=""),"",$G11*$I11) | N11: =IF(OR($A11="",$J11="",$M11=""),"",$J11-$M11) | O11: =IF(OR($A11="",$L11="",$M11=""),"",$L11-$M11) | P11: =IF($A11="","",IFERROR($K11/$J11,"")) | Q11: =IF($A11="","",IFERROR($K11/$N11,"")) | R11: Em conferência | S11: =IF($A11="","",IF(OR($B11="",$C11="",$D11="",$E11="",$F11="",$G11="",$H11="",$I11="",$K11="",$R11=""),"Conferir: preencher campos",IF(COUNTIF($A$4:$A$103,$A11)>1,"Conferir: ID repetido",IF(COUNTIF($C$4:$C$103,$C11)>1,"Conferir: referência repetida",IF($R11="Cancelado","Sem ação: cancelado",IF($R11="Em conferência","Conferir: status pendente",IF(OR($K11>$J11,$P11>'Parâmetros'!$B$4,$K11>'Parâmetros'!$B$5),"Conferir: limite ou valor","OK"))))))) | U11: =IF('Parâmetros'!D11="","",'Parâmetros'!D11) | V11: =IF('Parâmetros'!G11="","",'Parâmetros'!G11) | W11: =IF('Parâmetros'!K11="","",'Parâmetros'!K11) | X11: =IF('Parâmetros'!M11="","",'Parâmetros'!M11)
A12: DSC-FIC-009 | B12: 46253 | C12: VEN-FIC-1009 | D12: Profissional Aurora | E12: Manicure Clássica | F12: Campanha interna | G12: 1 | H12: =IF($A12="","",IF($E12="","",IFERROR(VLOOKUP($E12,'Parâmetros'!$G$4:$I$13,2,FALSE),""))) | I12: =IF($A12="","",IF($E12="","",IFERROR(VLOOKUP($E12,'Parâmetros'!$G$4:$I$13,3,FALSE),""))) | J12: =IF(OR($A12="",$G12="",$H12=""),"",$G12*$H12) | K12: 6 | L12: =IF(OR($A12="",$J12="",$K12=""),"",$J12-$K12) | M12: =IF(OR($A12="",$G12="",$I12=""),"",$G12*$I12) | N12: =IF(OR($A12="",$J12="",$M12=""),"",$J12-$M12) | O12: =IF(OR($A12="",$L12="",$M12=""),"",$L12-$M12) | P12: =IF($A12="","",IFERROR($K12/$J12,"")) | Q12: =IF($A12="","",IFERROR($K12/$N12,"")) | R12: Cancelado | S12: =IF($A12="","",IF(OR($B12="",$C12="",$D12="",$E12="",$F12="",$G12="",$H12="",$I12="",$K12="",$R12=""),"Conferir: preencher campos",IF(COUNTIF($A$4:$A$103,$A12)>1,"Conferir: ID repetido",IF(COUNTIF($C$4:$C$103,$C12)>1,"Conferir: referência repetida",IF($R12="Cancelado","Sem ação: cancelado",IF($R12="Em conferência","Conferir: status pendente",IF(OR($K12>$J12,$P12>'Parâmetros'!$B$4,$K12>'Parâmetros'!$B$5),"Conferir: limite ou valor","OK"))))))) | U12: =IF('Parâmetros'!D12="","",'Parâmetros'!D12) | V12: =IF('Parâmetros'!G12="","",'Parâmetros'!G12) | W12: =IF('Parâmetros'!K12="","",'Parâmetros'!K12) | X12: =IF('Parâmetros'!M12="","",'Parâmetros'!M12)
A13: DSC-FIC-010 | B13: 46249 | C13: VEN-FIC-1010 | D13: Profissional Brisa | E13: Coloração Aurora | F13: Relacionamento | G13: 1 | H13: =IF($A13="","",IF($E13="","",IFERROR(VLOOKUP($E13,'Parâmetros'!$G$4:$I$13,2,FALSE),""))) | I13: =IF($A13="","",IF($E13="","",IFERROR(VLOOKUP($E13,'Parâmetros'!$G$4:$I$13,3,FALSE),""))) | J13: =IF(OR($A13="",$G13="",$H13=""),"",$G13*$H13) | K13: 18 | L13: =IF(OR($A13="",$J13="",$K13=""),"",$J13-$K13) | M13: =IF(OR($A13="",$G13="",$I13=""),"",$G13*$I13) | N13: =IF(OR($A13="",$J13="",$M13=""),"",$J13-$M13) | O13: =IF(OR($A13="",$L13="",$M13=""),"",$L13-$M13) | P13: =IF($A13="","",IFERROR($K13/$J13,"")) | Q13: =IF($A13="","",IFERROR($K13/$N13,"")) | R13: Concedido | S13: =IF($A13="","",IF(OR($B13="",$C13="",$D13="",$E13="",$F13="",$G13="",$H13="",$I13="",$K13="",$R13=""),"Conferir: preencher campos",IF(COUNTIF($A$4:$A$103,$A13)>1,"Conferir: ID repetido",IF(COUNTIF($C$4:$C$103,$C13)>1,"Conferir: referência repetida",IF($R13="Cancelado","Sem ação: cancelado",IF($R13="Em conferência","Conferir: status pendente",IF(OR($K13>$J13,$P13>'Parâmetros'!$B$4,$K13>'Parâmetros'!$B$5),"Conferir: limite ou valor","OK"))))))) | U13: =IF('Parâmetros'!D13="","",'Parâmetros'!D13) | V13: =IF('Parâmetros'!G13="","",'Parâmetros'!G13) | W13: =IF('Parâmetros'!K13="","",'Parâmetros'!K13) | X13: =IF('Parâmetros'!M13="","",'Parâmetros'!M13)
H14: =IF($A14="","",IF($E14="","",IFERROR(VLOOKUP($E14,'Parâmetros'!$G$4:$I$13,2,FALSE),""))) | I14: =IF($A14="","",IF($E14="","",IFERROR(VLOOKUP($E14,'Parâmetros'!$G$4:$I$13,3,FALSE),""))) | J14: =IF(OR($A14="",$G14="",$H14=""),"",$G14*$H14) | L14: =IF(OR($A14="",$J14="",$K14=""),"",$J14-$K14) | M14: =IF(OR($A14="",$G14="",$I14=""),"",$G14*$I14) | N14: =IF(OR($A14="",$J14="",$M14=""),"",$J14-$M14) | O14: =IF(OR($A14="",$L14="",$M14=""),"",$L14-$M14) | P14: =IF($A14="","",IFERROR($K14/$J14,"")) | Q14: =IF($A14="","",IFERROR($K14/$N14,"")) | S14: =IF($A14="","",IF(OR($B14="",$C14="",$D14="",$E14="",$F14="",$G14="",$H14="",$I14="",$K14="",$R14=""),"Conferir: preencher campos",IF(COUNTIF($A$4:$A$103,$A14)>1,"Conferir: ID repetido",IF(COUNTIF($C$4:$C$103,$C14)>1,"Conferir: referência repetida",IF($R14="Cancelado","Sem ação: cancelado",IF($R14="Em conferência","Conferir: status pendente",IF(OR($K14>$J14,$P14>'Parâmetros'!$B$4,$K14>'Parâmetros'!$B$5),"Conferir: limite ou valor","OK"))))))) | U14: =IF('Parâmetros'!D14="","",'Parâmetros'!D14) | V14: =IF('Parâmetros'!G14="","",'Parâmetros'!G14) | W14: =IF('Parâmetros'!K14="","",'Parâmetros'!K14) | X14: =IF('Parâmetros'!M14="","",'Parâmetros'!M14)
H15: =IF($A15="","",IF($E15="","",IFERROR(VLOOKUP($E15,'Parâmetros'!$G$4:$I$13,2,FALSE),""))) | I15: =IF($A15="","",IF($E15="","",IFERROR(VLOOKUP($E15,'Parâmetros'!$G$4:$I$13,3,FALSE),""))) | J15: =IF(OR($A15="",$G15="",$H15=""),"",$G15*$H15) | L15: =IF(OR($A15="",$J15="",$K15=""),"",$J15-$K15) | M15: =IF(OR($A15="",$G15="",$I15=""),"",$G15*$I15) | N15: =IF(OR($A15="",$J15="",$M15=""),"",$J15-$M15) | O15: =IF(OR($A15="",$L15="",$M15=""),"",$L15-$M15) | P15: =IF($A15="","",IFERROR($K15/$J15,"")) | Q15: =IF($A15="","",IFERROR($K15/$N15,"")) | S15: =IF($A15="","",IF(OR($B15="",$C15="",$D15="",$E15="",$F15="",$G15="",$H15="",$I15="",$K15="",$R15=""),"Conferir: preencher campos",IF(COUNTIF($A$4:$A$103,$A15)>1,"Conferir: ID repetido",IF(COUNTIF($C$4:$C$103,$C15)>1,"Conferir: referência repetida",IF($R15="Cancelado","Sem ação: cancelado",IF($R15="Em conferência","Conferir: status pendente",IF(OR($K15>$J15,$P15>'Parâmetros'!$B$4,$K15>'Parâmetros'!$B$5),"Conferir: limite ou valor","OK"))))))) | U15: =IF('Parâmetros'!D15="","",'Parâmetros'!D15) | V15: =IF('Parâmetros'!G15="","",'Parâmetros'!G15) | W15: =IF('Parâmetros'!K15="","",'Parâmetros'!K15) | X15: =IF('Parâmetros'!M15="","",'Parâmetros'!M15)
H16: =IF($A16="","",IF($E16="","",IFERROR(VLOOKUP($E16,'Parâmetros'!$G$4:$I$13,2,FALSE),""))) | I16: =IF($A16="","",IF($E16="","",IFERROR(VLOOKUP($E16,'Parâmetros'!$G$4:$I$13,3,FALSE),""))) | J16: =IF(OR($A16="",$G16="",$H16=""),"",$G16*$H16) | L16: =IF(OR($A16="",$J16="",$K16=""),"",$J16-$K16) | M16: =IF(OR($A16="",$G16="",$I16=""),"",$G16*$I16) | N16: =IF(OR($A16="",$J16="",$M16=""),"",$J16-$M16) | O16: =IF(OR($A16="",$L16="",$M16=""),"",$L16-$M16) | P16: =IF($A16="","",IFERROR($K16/$J16,"")) | Q16: =IF($A16="","",IFERROR($K16/$N16,"")) | S16: =IF($A16="","",IF(OR($B16="",$C16="",$D16="",$E16="",$F16="",$G16="",$H16="",$I16="",$K16="",$R16=""),"Conferir: preencher campos",IF(COUNTIF($A$4:$A$103,$A16)>1,"Conferir: ID repetido",IF(COUNTIF($C$4:$C$103,$C16)>1,"Conferir: referência repetida",IF($R16="Cancelado","Sem ação: cancelado",IF($R16="Em conferência","Conferir: status pendente",IF(OR($K16>$J16,$P16>'Parâmetros'!$B$4,$K16>'Parâmetros'!$B$5),"Conferir: limite ou valor","OK"))))))) | U16: =IF('Parâmetros'!D16="","",'Parâmetros'!D16) | V16: =IF('Parâmetros'!G16="","",'Parâmetros'!G16) | W16: =IF('Parâmetros'!K16="","",'Parâmetros'!K16) | X16: =IF('Parâmetros'!M16="","",'Parâmetros'!M16)
H17: =IF($A17="","",IF($E17="","",IFERROR(VLOOKUP($E17,'Parâmetros'!$G$4:$I$13,2,FALSE),""))) | I17: =IF($A17="","",IF($E17="","",IFERROR(VLOOKUP($E17,'Parâmetros'!$G$4:$I$13,3,FALSE),""))) | J17: =IF(OR($A17="",$G17="",$H17=""),"",$G17*$H17) | L17: =IF(OR($A17="",$J17="",$K17=""),"",$J17-$K17) | M17: =IF(OR($A17="",$G17="",$I17=""),"",$G17*$I17) | N17: =IF(OR($A17="",$J17="",$M17=""),"",$J17-$M17) | O17: =IF(OR($A17="",$L17="",$M17=""),"",$L17-$M17) | P17: =IF($A17="","",IFERROR($K17/$J17,"")) | Q17: =IF($A17="","",IFERROR($K17/$N17,"")) | S17: =IF($A17="","",IF(OR($B17="",$C17="",$D17="",$E17="",$F17="",$G17="",$H17="",$I17="",$K17="",$R17=""),"Conferir: preencher campos",IF(COUNTIF($A$4:$A$103,$A17)>1,"Conferir: ID repetido",IF(COUNTIF($C$4:$C$103,$C17)>1,"Conferir: referência repetida",IF($R17="Cancelado","Sem ação: cancelado",IF($R17="Em conferência","Conferir: status pendente",IF(OR($K17>$J17,$P17>'Parâmetros'!$B$4,$K17>'Parâmetros'!$B$5),"Conferir: limite ou valor","OK"))))))) | U17: =IF('Parâmetros'!D17="","",'Parâmetros'!D17) | V17: =IF('Parâmetros'!G17="","",'Parâmetros'!G17) | W17: =IF('Parâmetros'!K17="","",'Parâmetros'!K17) | X17: =IF('Parâmetros'!M17="","",'Parâmetros'!M17)
H18: =IF($A18="","",IF($E18="","",IFERROR(VLOOKUP($E18,'Parâmetros'!$G$4:$I$13,2,FALSE),""))) | I18: =IF($A18="","",IF($E18="","",IFERROR(VLOOKUP($E18,'Parâmetros'!$G$4:$I$13,3,FALSE),""))) | J18: =IF(OR($A18="",$G18="",$H18=""),"",$G18*$H18) | L18: =IF(OR($A18="",$J18="",$K18=""),"",$J18-$K18) | M18: =IF(OR($A18="",$G18="",$I18=""),"",$G18*$I18) | N18: =IF(OR($A18="",$J18="",$M18=""),"",$J18-$M18) | O18: =IF(OR($A18="",$L18="",$M18=""),"",$L18-$M18) | P18: =IF($A18="","",IFERROR($K18/$J18,"")) | Q18: =IF($A18="","",IFERROR($K18/$N18,"")) | S18: =IF($A18="","",IF(OR($B18="",$C18="",$D18="",$E18="",$F18="",$G18="",$H18="",$I18="",$K18="",$R18=""),"Conferir: preencher campos",IF(COUNTIF($A$4:$A$103,$A18)>1,"Conferir: ID repetido",IF(COUNTIF($C$4:$C$103,$C18)>1,"Conferir: referência repetida",IF($R18="Cancelado","Sem ação: cancelado",IF($R18="Em conferência","Conferir: status pendente",IF(OR($K18>$J18,$P18>'Parâmetros'!$B$4,$K18>'Parâmetros'!$B$5),"Conferir: limite ou valor","OK"))))))) | U18: =IF('Parâmetros'!D18="","",'Parâmetros'!D18) | V18: =IF('Parâmetros'!G18="","",'Parâmetros'!G18) | W18: =IF('Parâmetros'!K18="","",'Parâmetros'!K18) | X18: =IF('Parâmetros'!M18="","",'Parâmetros'!M18)
H19: =IF($A19="","",IF($E19="","",IFERROR(VLOOKUP($E19,'Parâmetros'!$G$4:$I$13,2,FALSE),""))) | I19: =IF($A19="","",IF($E19="","",IFERROR(VLOOKUP($E19,'Parâmetros'!$G$4:$I$13,3,FALSE),""))) | J19: =IF(OR($A19="",$G19="",$H19=""),"",$G19*$H19) | L19: =IF(OR($A19="",$J19="",$K19=""),"",$J19-$K19) | M19: =IF(OR($A19="",$G19="",$I19=""),"",$G19*$I19) | N19: =IF(OR($A19="",$J19="",$M19=""),"",$J19-$M19) | O19: =IF(OR($A19="",$L19="",$M19=""),"",$L19-$M19) | P19: =IF($A19="","",IFERROR($K19/$J19,"")) | Q19: =IF($A19="","",IFERROR($K19/$N19,"")) | S19: =IF($A19="","",IF(OR($B19="",$C19="",$D19="",$E19="",$F19="",$G19="",$H19="",$I19="",$K19="",$R19=""),"Conferir: preencher campos",IF(COUNTIF($A$4:$A$103,$A19)>1,"Conferir: ID repetido",IF(COUNTIF($C$4:$C$103,$C19)>1,"Conferir: referência repetida",IF($R19="Cancelado","Sem ação: cancelado",IF($R19="Em conferência","Conferir: status pendente",IF(OR($K19>$J19,$P19>'Parâmetros'!$B$4,$K19>'Parâmetros'!$B$5),"Conferir: limite ou valor","OK"))))))) | U19: =IF('Parâmetros'!D19="","",'Parâmetros'!D19) | V19: =IF('Parâmetros'!G19="","",'Parâmetros'!G19) | W19: =IF('Parâmetros'!K19="","",'Parâmetros'!K19) | X19: =IF('Parâmetros'!M19="","",'Parâmetros'!M19)
H20: =IF($A20="","",IF($E20="","",IFERROR(VLOOKUP($E20,'Parâmetros'!$G$4:$I$13,2,FALSE),""))) | I20: =IF($A20="","",IF($E20="","",IFERROR(VLOOKUP($E20,'Parâmetros'!$G$4:$I$13,3,FALSE),""))) | J20: =IF(OR($A20="",$G20="",$H20=""),"",$G20*$H20) | L20: =IF(OR($A20="",$J20="",$K20=""),"",$J20-$K20) | M20: =IF(OR($A20="",$G20="",$I20=""),"",$G20*$I20) | N20: =IF(OR($A20="",$J20="",$M20=""),"",$J20-$M20) | O20: =IF(OR($A20="",$L20="",$M20=""),"",$L20-$M20) | P20: =IF($A20="","",IFERROR($K20/$J20,"")) | Q20: =IF($A20="","",IFERROR($K20/$N20,"")) | S20: =IF($A20="","",IF(OR($B20="",$C20="",$D20="",$E20="",$F20="",$G20="",$H20="",$I20="",$K20="",$R20=""),"Conferir: preencher campos",IF(COUNTIF($A$4:$A$103,$A20)>1,"Conferir: ID repetido",IF(COUNTIF($C$4:$C$103,$C20)>1,"Conferir: referência repetida",IF($R20="Cancelado","Sem ação: cancelado",IF($R20="Em conferência","Conferir: status pendente",IF(OR($K20>$J20,$P20>'Parâmetros'!$B$4,$K20>'Parâmetros'!$B$5),"Conferir: limite ou valor","OK"))))))) | U20: =IF('Parâmetros'!D20="","",'Parâmetros'!D20) | V20: =IF('Parâmetros'!G20="","",'Parâmetros'!G20) | W20: =IF('Parâmetros'!K20="","",'Parâmetros'!K20) | X20: =IF('Parâmetros'!M20="","",'Parâmetros'!M20)
H21: =IF($A21="","",IF($E21="","",IFERROR(VLOOKUP($E21,'Parâmetros'!$G$4:$I$13,2,FALSE),""))) | I21: =IF($A21="","",IF($E21="","",IFERROR(VLOOKUP($E21,'Parâmetros'!$G$4:$I$13,3,FALSE),""))) | J21: =IF(OR($A21="",$G21="",$H21=""),"",$G21*$H21) | L21: =IF(OR($A21="",$J21="",$K21=""),"",$J21-$K21) | M21: =IF(OR($A21="",$G21="",$I21=""),"",$G21*$I21) | N21: =IF(OR($A21="",$J21="",$M21=""),"",$J21-$M21) | O21: =IF(OR($A21="",$L21="",$M21=""),"",$L21-$M21) | P21: =IF($A21="","",IFERROR($K21/$J21,"")) | Q21: =IF($A21="","",IFERROR($K21/$N21,"")) | S21: =IF($A21="","",IF(OR($B21="",$C21="",$D21="",$E21="",$F21="",$G21="",$H21="",$I21="",$K21="",$R21=""),"Conferir: preencher campos",IF(COUNTIF($A$4:$A$103,$A21)>1,"Conferir: ID repetido",IF(COUNTIF($C$4:$C$103,$C21)>1,"Conferir: referência repetida",IF($R21="Cancelado","Sem ação: cancelado",IF($R21="Em conferência","Conferir: status pendente",IF(OR($K21>$J21,$P21>'Parâmetros'!$B$4,$K21>'Parâmetros'!$B$5),"Conferir: limite ou valor","OK"))))))) | U21: =IF('Parâmetros'!D21="","",'Parâmetros'!D21) | V21: =IF('Parâmetros'!G21="","",'Parâmetros'!G21) | W21: =IF('Parâmetros'!K21="","",'Parâmetros'!K21) | X21: =IF('Parâmetros'!M21="","",'Parâmetros'!M21)
H22: =IF($A22="","",IF($E22="","",IFERROR(VLOOKUP($E22,'Parâmetros'!$G$4:$I$13,2,FALSE),""))) | I22: =IF($A22="","",IF($E22="","",IFERROR(VLOOKUP($E22,'Parâmetros'!$G$4:$I$13,3,FALSE),""))) | J22: =IF(OR($A22="",$G22="",$H22=""),"",$G22*$H22) | L22: =IF(OR($A22="",$J22="",$K22=""),"",$J22-$K22) | M22: =IF(OR($A22="",$G22="",$I22=""),"",$G22*$I22) | N22: =IF(OR($A22="",$J22="",$M22=""),"",$J22-$M22) | O22: =IF(OR($A22="",$L22="",$M22=""),"",$L22-$M22) | P22: =IF($A22="","",IFERROR($K22/$J22,"")) | Q22: =IF($A22="","",IFERROR($K22/$N22,"")) | S22: =IF($A22="","",IF(OR($B22="",$C22="",$D22="",$E22="",$F22="",$G22="",$H22="",$I22="",$K22="",$R22=""),"Conferir: preencher campos",IF(COUNTIF($A$4:$A$103,$A22)>1,"Conferir: ID repetido",IF(COUNTIF($C$4:$C$103,$C22)>1,"Conferir: referência repetida",IF($R22="Cancelado","Sem ação: cancelado",IF($R22="Em conferência","Conferir: status pendente",IF(OR($K22>$J22,$P22>'Parâmetros'!$B$4,$K22>'Parâmetros'!$B$5),"Conferir: limite ou valor","OK"))))))) | U22: =IF('Parâmetros'!D22="","",'Parâmetros'!D22) | V22: =IF('Parâmetros'!G22="","",'Parâmetros'!G22) | W22: =IF('Parâmetros'!K22="","",'Parâmetros'!K22) | X22: =IF('Parâmetros'!M22="","",'Parâmetros'!M22)
H23: =IF($A23="","",IF($E23="","",IFERROR(VLOOKUP($E23,'Parâmetros'!$G$4:$I$13,2,FALSE),""))) | I23: =IF($A23="","",IF($E23="","",IFERROR(VLOOKUP($E23,'Parâmetros'!$G$4:$I$13,3,FALSE),""))) | J23: =IF(OR($A23="",$G23="",$H23=""),"",$G23*$H23) | L23: =IF(OR($A23="",$J23="",$K23=""),"",$J23-$K23) | M23: =IF(OR($A23="",$G23="",$I23=""),"",$G23*$I23) | N23: =IF(OR($A23="",$J23="",$M23=""),"",$J23-$M23) | O23: =IF(OR($A23="",$L23="",$M23=""),"",$L23-$M23) | P23: =IF($A23="","",IFERROR($K23/$J23,"")) | Q23: =IF($A23="","",IFERROR($K23/$N23,"")) | S23: =IF($A23="","",IF(OR($B23="",$C23="",$D23="",$E23="",$F23="",$G23="",$H23="",$I23="",$K23="",$R23=""),"Conferir: preencher campos",IF(COUNTIF($A$4:$A$103,$A23)>1,"Conferir: ID repetido",IF(COUNTIF($C$4:$C$103,$C23)>1,"Conferir: referência repetida",IF($R23="Cancelado","Sem ação: cancelado",IF($R23="Em conferência","Conferir: status pendente",IF(OR($K23>$J23,$P23>'Parâmetros'!$B$4,$K23>'Parâmetros'!$B$5),"Conferir: limite ou valor","OK"))))))) | U23: =IF('Parâmetros'!D23="","",'Parâmetros'!D23) | V23: =IF('Parâmetros'!G23="","",'Parâmetros'!G23) | W23: =IF('Parâmetros'!K23="","",'Parâmetros'!K23) | X23: =IF('Parâmetros'!M23="","",'Parâmetros'!M23)
H24: =IF($A24="","",IF($E24="","",IFERROR(VLOOKUP($E24,'Parâmetros'!$G$4:$I$13,2,FALSE),""))) | I24: =IF($A24="","",IF($E24="","",IFERROR(VLOOKUP($E24,'Parâmetros'!$G$4:$I$13,3,FALSE),""))) | J24: =IF(OR($A24="",$G24="",$H24=""),"",$G24*$H24) | L24: =IF(OR($A24="",$J24="",$K24=""),"",$J24-$K24) | M24: =IF(OR($A24="",$G24="",$I24=""),"",$G24*$I24) | N24: =IF(OR($A24="",$J24="",$M24=""),"",$J24-$M24) | O24: =IF(OR($A24="",$L24="",$M24=""),"",$L24-$M24) | P24: =IF($A24="","",IFERROR($K24/$J24,"")) | Q24: =IF($A24="","",IFERROR($K24/$N24,"")) | S24: =IF($A24="","",IF(OR($B24="",$C24="",$D24="",$E24="",$F24="",$G24="",$H24="",$I24="",$K24="",$R24=""),"Conferir: preencher campos",IF(COUNTIF($A$4:$A$103,$A24)>1,"Conferir: ID repetido",IF(COUNTIF($C$4:$C$103,$C24)>1,"Conferir: referência repetida",IF($R24="Cancelado","Sem ação: cancelado",IF($R24="Em conferência","Conferir: status pendente",IF(OR($K24>$J24,$P24>'Parâmetros'!$B$4,$K24>'Parâmetros'!$B$5),"Conferir: limite ou valor","OK"))))))) | U24: =IF('Parâmetros'!D24="","",'Parâmetros'!D24) | V24: =IF('Parâmetros'!G24="","",'Parâmetros'!G24) | W24: =IF('Parâmetros'!K24="","",'Parâmetros'!K24) | X24: =IF('Parâmetros'!M24="","",'Parâmetros'!M24)
H25: =IF($A25="","",IF($E25="","",IFERROR(VLOOKUP($E25,'Parâmetros'!$G$4:$I$13,2,FALSE),""))) | I25: =IF($A25="","",IF($E25="","",IFERROR(VLOOKUP($E25,'Parâmetros'!$G$4:$I$13,3,FALSE),""))) | J25: =IF(OR($A25="",$G25="",$H25=""),"",$G25*$H25) | L25: =IF(OR($A25="",$J25="",$K25=""),"",$J25-$K25) | M25: =IF(OR($A25="",$G25="",$I25=""),"",$G25*$I25) | N25: =IF(OR($A25="",$J25="",$M25=""),"",$J25-$M25) | O25: =IF(OR($A25="",$L25="",$M25=""),"",$L25-$M25) | P25: =IF($A25="","",IFERROR($K25/$J25,"")) | Q25: =IF($A25="","",IFERROR($K25/$N25,"")) | S25: =IF($A25="","",IF(OR($B25="",$C25="",$D25="",$E25="",$F25="",$G25="",$H25="",$I25="",$K25="",$R25=""),"Conferir: preencher campos",IF(COUNTIF($A$4:$A$103,$A25)>1,"Conferir: ID repetido",IF(COUNTIF($C$4:$C$103,$C25)>1,"Conferir: referência repetida",IF($R25="Cancelado","Sem ação: cancelado",IF($R25="Em conferência","Conferir: status pendente",IF(OR($K25>$J25,$P25>'Parâmetros'!$B$4,$K25>'Parâmetros'!$B$5),"Conferir: limite ou valor","OK"))))))) | U25: =IF('Parâmetros'!D25="","",'Parâmetros'!D25) | V25: =IF('Parâmetros'!G25="","",'Parâmetros'!G25) | W25: =IF('Parâmetros'!K25="","",'Parâmetros'!K25) | X25: =IF('Parâmetros'!M25="","",'Parâmetros'!M25)
... H103: =IF($A103="","",IF($E103="","",IFERROR(VLOOKUP($E103,'Parâmetros'!$G$4:$I$13,2,FALSE),""))) | I103: =IF($A103="","",IF($E103="","",IFERROR(VLOOKUP($E103,'Parâmetros'!$G$4:$I$13,3,FALSE),""))) | J103: =IF(OR($A103="",$G103="",$H103=""),"",$G103*$H103) | L103: =IF(OR($A103="",$J103="",$K103=""),"",$J103-$K103) | M103: =IF(OR($A103="",$G103="",$I103=""),"",$G103*$I103) | N103: =IF(OR($A103="",$J103="",$M103=""),"",$J103-$M103) | O103: =IF(OR($A103="",$L103="",$M103=""),"",$L103-$M103) | P103: =IF($A103="","",IFERROR($K103/$J103,"")) | Q103: =IF($A103="","",IFERROR($K103/$N103,"")) | S103: =IF($A103="","",IF(OR($B103="",$C103="",$D103="",$E103="",$F103="",$G103="",$H103="",$I103="",$K103="",$R103=""),"Conferir: preencher campos",IF(COUNTIF($A$4:$A$103,$A103)>1,"Conferir: ID repetido",IF(COUNTIF($C$4:$C$103,$C103)>1,"Conferir: referência repetida",IF($R103="Cancelado","Sem ação: cancelado",IF($R103="Em conferência","Conferir: status pendente",IF(OR($K103>$J103,$P103>'Parâmetros'!$B$4,$K103>'Parâmetros'!$B$5),"Conferir: limite ou valor","OK"))))))) | U103: =IF('Parâmetros'!D103="","",'Parâmetros'!D103) | V103: =IF('Parâmetros'!G103="","",'Parâmetros'!G103) | W103: =IF('Parâmetros'!K103="","",'Parâmetros'!K103) | X103: =IF('Parâmetros'!M103="","",'Parâmetros'!M103)

Sheet Parâmetros
A1: Parâmetros do controle de descontos
A2: Valores, limites e listas são premissas editáveis. Os exemplos e nomes são fictícios.
A3: Premissa | B3: Valor | D3: Profissionais fictícios | G3: Serviços | H3: Valor de tabela | I3: Custo estimado | K3: Motivos | M3: Status
A4: Limite percentual por desconto | B4: 0.15 | D4: Profissional Aurora | G4: Corte Essencial | H4: 80 | I4: 24 | K4: Fidelidade | M4: Concedido
A5: Limite absoluto por desconto | B5: 40 | D5: Profissional Brisa | G5: Escova Brisa | H5: 95 | I5: 28 | K5: Campanha interna | M5: Em conferência
A6: Data inicial da análise | B6: 46245 | D6: Profissional Canela | G6: Manicure Clássica | H6: 45 | I6: 12 | K6: Pacote de serviços | M6: Cancelado
A7: Data final da análise | B7: 46274 | D7: Profissional Dália | G7: Pedicure Serena | H7: 55 | I7: 15 | K7: Ajuste comercial
A8: Status incluído no resumo | B8: Concedido | G8: Coloração Aurora | H8: 180 | I8: 72 | K8: Cortesia autorizada
A9: Critério de alerta | B9: Conferir quando o percentual ou o valor superar um dos limites. | G9: Design de Sobrancelhas | H9: 50 | I9: 10 | K9: Relacionamento
A10: Escopo do registro | B10: Uma linha por desconto; a referência da venda serve somente para rastreio.
